 Dungeon Crawl Stone Soup version 0.22.1-2-g9c5b331383 (webtiles) character file.

231 Ihlosi the Ducker (level 6, -7/37 HPs)
             Began as a Kobold Gladiator on Nov 30, 2018.
             Killed from afar by a hound (44 damage)
             ... with an exploding inner flame
             ... hexed by the player character
             ... on level 4 of the Dungeon.
             The game lasted 00:07:10 (3363 turns).

Ihlosi the Ducker (Kobold Gladiator)                Turns: 3363, Time: 00:07:10

Health: -7/37      AC:  6    Str: 13    XL:     6   Next: 24%
Magic:  6/6        EV: 16    Int:  9    God:
Gold:   199        SH:  0    Dex: 17    Spells: 3/5 levels left

rFire    . . .     SeeInvis .   a - +0 long sword
rCold    . . .     Gourm    .   (shield restricted)
rNeg     . . .     Faith    .   b - +0 leather armour
rPois    .         Spirit   .   s - +1 helmet
rElec    .         Reflect  .   n - +0 cloak
rCorr    .         Harm     .   (no gloves)
MR       .....                  (no boots)
Stlth    ++........             (no amulet)
HPRegen  0.12/turn              c - ring of wizardry
MPRegen  0.10/turn              (no ring)

@: very slightly contaminated
A: small, carnivore
a: no special abilities


You were on level 4 of the Dungeon.
You were full.

You visited 1 branch of the dungeon, and saw 4 of its levels.

You collected 199 gold pieces.

Inventory:

Hand Weapons
 a - a +0 long sword (weapon)
Missiles
 d - 5 throwing nets (quivered)
 v - 16 bolts
Armour
 b - a +0 leather armour (worn)
 n - a +0 cloak (worn)
 s - a +1 helmet (worn)
Jewellery
 c - a ring of wizardry (left hand)
Scrolls
 m - 3 scrolls of remove curse
 o - 2 scrolls of blinking
Potions
 h - 4 potions of heal wounds
 l - 2 potions of flight {unknown}
 p - 3 potions of curing
 q - a potion of might {unknown}
 r - 2 potions of invisibility {unknown}
 w - a potion of cancellation {unknown}
 x - 2 potions of lignification
Comestibles
 f - 5 rations


   Skills:
 * Level 3.2 Fighting
 + Level 3.8 Long Blades
 - Level 2.1 Throwing
 - Level 1.0 Armour
 + Level 4.4 Dodging
 * Level 3.2 Stealth
 * Level 0.4 Spellcasting
 * Level 1.0 Translocations


You had 3 spell levels left.
You knew the following spells:

 Your Spells              Type           Power        Failure   Level  Hunger
a - Blink                 Tloc           N/A          21%         2    ###....

Your spell library contained the following spells:

 Spells                   Type           Power        Failure   Level  Hunger
 Magic Dart               Conj           #...         21%         1    ##.....
 Call Imp                 Summ           #.......     28%         2    ###....
 Slow                     Hex            #.......     28%         2    ###....
 Conjure Flame            Conj/Fire      #.......     50%         3    ####...
 Mephitic Cloud           Conj/Pois/Air  #.......     50%         3    ####...


Dungeon Overview and Level Annotations

Branches:
Dungeon (4/15)
 Temple: D:4-7

Altars:
Dithmenos


Innate Abilities, Weirdness & Mutations

You are small and have problems with some larger weapons.
You are carnivorous and can eat meat at any time.


Message History

The hound is almost dead.
The hound barely misses you.
The giant cockroach bites you but does no damage.
The ball python misses you. The ball python barely misses you.
The hound barely misses you. The giant cockroach misses you.
You riposte.
You closely miss the giant cockroach.
The giant cockroach is heavily wounded.
The jackal closely misses you.
You hit the hound.
The hound explodes!
The fiery explosion engulfs the jackal.
You kill the jackal!
The fiery explosion engulfs the giant cockroach.
You kill the giant cockroach!
The fiery explosion engulfs the ball python.
You kill the ball python!
Your Translocations skill increases to level 1!
The fiery explosion engulfs you!
Ouch! That really hurt!
You die...

*,,,,,*****###...?..######...#.#
*,,,,*,,,.h.#....##..### #####.#
**,,,,*,,....S..........#*#......
**,,,,*,,..$.#.##................
,*,,,,*,,>.h.#.#..........#......
,,,,,,*,,)..h#.#.......?.,#......
**,,,,,,,....S"#§........,#......
**,,,,,,,......†.§.[.....,#......
,,,,,,,,,......§@§.......,#......
****,,,≈≈≈...............*#......
*,,≈≈≈≈≈...........<.?******,,
*,,≈≈∩≈≈..............,*****,*
*,,≈≈≈w≈.............,,*,,,,,,
*,,,≈≈≈..............,,,,,,,,,
*,,,,,...............,,*,,,,,,
****,,,,,..?............,,*,,,,,,
,,***,**,,,******,,,,,,,,**,,,,,,


You could see a worm, an adder and 2 jackals.

Vanquished Creatures
  An orc priest (D:3)
  7 gnolls
  6 adders
  3 leopard geckos
  5 orcs (D:3)
  2 ball pythons
  6 bats
  7 giant cockroaches
  8 goblins
  5 hobgoblins
  5 jackals
  A quokka (D:1)
  4 frilled lizards
  9 kobolds
  4 rats
73 creatures vanquished.

Notes
Turn   | Place    | Note
-------+----------+-------------------------------------------
     0 | D:1      | Ihlosi the Kobold Gladiator began the quest for the Orb.
     0 | D:1      | Reached XP level 1. HP: 12/12 MP: 1/1
   179 | D:1      | Reached XP level 2. HP: 12/18 MP: 2/2
   388 | D:1      | Reached skill level 4 in Dodging
   388 | D:1      | Reached skill level 1 in Stealth
   388 | D:1      | Reached XP level 3. HP: 13/22 MP: 3/3
  1271 | D:2      | Reached XP level 4. HP: 21/27 MP: 4/4
  1284 | D:2      | Found a shadowy altar of Dithmenos.
  1334 | D:2      | Reached skill level 1 in Armour
  1604 | D:2      | Reached XP level 5. HP: 32/32 MP: 5/5
  2352 | D:3      | Learned a level 2 spell: Blink
  3008 | D:3      | Reached XP level 6. HP: 37/37 MP: 6/6
  3352 | D:4      | Found the amulet of Vitality {Regen+ HP+15}
  3363 | D:4      | Reached skill level 1 in Translocations
  3363 | D:4      | Killed from afar by a hound

Skill      XL: |  1  2  3  4  5  6 |
---------------+-------------------+-----
Dodging        | 4 |  4.4
Stealth        | 1 2 3 |  3.2
Armour         | 1 |  1.0
Long Blades    | 3 |  3.8
Fighting       | 3 |  3.2
Translocations | 1 |  1.0
Throwing       | |  2.1
Spellcasting   | |  0.4

Action                   |  1- 3 |  4- 6 || total
-------------------------+-------+-------++-------
Melee: Long sword        |    65 |   130 ||   195
Throw: Throwing net      |     3 |     1 ||     4
  Use: Scroll            |       |    11 ||    11
 Stab: Sleeping          |     2 |     5 ||     7
       Distracted        |       |     1 ||     1
  Eat: Chunk             |     8 |     6 ||    14
Armor: Leather armour    |    24 |    36 ||    60
Dodge: Dodged            |    70 |   137 ||   207
       Rpst.: Long sword |    26 |    42 ||    68
